Map: Oceanborn LE

Players

DRG

  • Race: Zerg Zerg
  • Spawn Location: 5:00

SHIN - Winner!

  • Race: Zerg Zerg
  • Spawn Location: 11:00

Event: ESL SC2 Masters 2023 Winter (Finals)

VOD

Have the link to the VOD?

Description

Time

  • Played on: Dec. 15, 2023, 11:48 a.m.
  • Length: 8:26

All games in this series

Show
View Real Time Build Order
Export as new Build Order

DRG Zerg 

Build Orders: Hatch First 

Get SALT Encoding   

  12  0:00  Drone  
  13  0:11  Overlord  
  13  0:17  Drone  
  14  0:30  Drone x2  
  16  0:48  Hatchery  
  15  0:50  Drone  
  15  0:54  Drone  
  17  0:57  Drone  
  18  1:09  Extractor  
  17  1:13  Spawning Pool  
  17  1:16  Drone  
  17  1:19  Drone  
  18  1:27  Drone  
  19  1:38  Drone  
  20  1:48  Drone  
  21  2:00  Queen x2  
  21  2:01  Overlord  
  25  2:02  Drone  
  25  2:08  Metabolic Boost  
  26  2:10  Drone x2  
  28  2:21  Zergling x4  
  30  2:31  Drone  
  30  2:32  Drone  
  32  2:37  Hatchery  
  32  2:43  Queen  
  33  2:50  Baneling Nest  
  32  2:53  Overlord  
  32  2:56  Drone  
  33  2:59  Drone  
  33  3:02  Drone  
  33  3:04  Drone  
  36  3:10  Overlord  
  35  3:14  Zergling x4  
  35  3:15  Zergling x2  
  35  3:18  Drone  
  39  3:22  Drone x2  
  39  3:25  Drone  
  42  3:30  Zergling x2  
  42  3:33  Baneling x2  
  43  3:35  Zergling x2  
  44  3:41  Zergling x2  
  44  3:46  Roach Warren  
  44  3:49  Zergling x10  
  44  3:52  Drone  
  44  3:53  Drone  
  44  3:54  Drone  
  51  3:57  Drone  
  51  3:58  Baneling  
  51  4:00  Drone  
  53  4:03  Drone  
  53  4:06  Drone  
  55  4:10  Overlord  
  55  4:13  Extractor  
  55  4:16  Drone  
  50  4:19  Drone x3  
  50  4:21  Drone  
  54  4:26  Drone x2  
  56  4:32  Overlord  
  56  4:37  Drone  
  57  4:39  Lair  
  57  4:43  Drone x5  
  57  4:45  Evolution Chamber  
  61  4:47  Drone  
  61  4:49  Drone  
  61  4:50  Drone x3  
  66  4:55  Baneling x2  
  66  4:57  Zergling x2  
  66  4:58  Zergling x4  
  69  5:03  Zergling x6  
  69  5:05  Overlord  
  72  5:09  Roach, Overlord  
  72  5:12  Overlord  
  72  5:17  Overlord  
  72  5:20  Roach  
  72  5:25  Roach  
  72  5:27  Roach  
  69  5:28  Roach x3  
  69  5:29  Roach  
  69  5:33  Zergling x4  
  73  5:38  Glial Reconstitution  
  73  5:39  Zerg Missile Weapons Level 1  
  73  5:40  Queen  
  73  5:44  Drone x5  
  73  5:47  Overseer  
  78  5:51  Extractor  
  78  5:52  Extractor  
  78  5:55  Extractor, Roach x2  
  78  5:56  Overlord  
  79  6:09  Drone x2  
  79  6:10  Drone  
  82  6:16  Roach x4  
  82  6:18  Roach  
  92  6:22  Drone  
  93  6:28  Drone x2  
  93  6:32  Drone x4  
  99  6:35  Extractor, Overlord, Spire  
  97  6:40  Roach x2  
  101  6:48  Roach  
  101  6:49  Drone  
  101  6:51  Overlord  
  101  6:52  Overlord  
  103  6:56  Drone x2  
  103  6:58  Hatchery  
  103  6:59  Roach  
  106  7:07  Roach x3  
  112  7:09  Roach x2  
  112  7:12  Overlord  
  112  7:13  Roach  
  112  7:14  Roach  
  119  7:22  Roach, Ravager  
  121  7:23  Ravager x3  
  121  7:24  Roach  
  121  7:25  Roach x3  
  121  7:29  Roach  
  137  7:30  Roach  
  137  7:31  Ravager  
  137  7:32  Overlord  
  137  7:35  Roach x2  
  142  7:42  Roach x4  
  146  7:51  Overlord x2  
  146  7:53  Hatchery  
  145  8:02  Mutalisk x4  
  145  8:05  Overlord x3  
  160  8:21  Spore Crawler  
  160  8:22  Spore Crawler x2  
Show
View Real Time Build Order
Export as new Build Order

SHIN Zerg - Winner!

Build Orders: Hatch First, Zergling Baneling 

Get SALT Encoding   

  12  0:00  Drone  
  13  0:08  Drone  
  14  0:17  Overlord  
  14  0:35  Drone x2  
  16  0:46  Hatchery  
  15  0:51  Drone  
  15  0:55  Drone  
  17  0:58  Drone  
  18  1:09  Extractor  
  17  1:12  Spawning Pool  
  17  1:15  Drone  
  17  1:19  Drone  
  18  1:28  Drone  
  19  1:39  Drone  
  20  1:50  Drone  
  21  1:59  Queen x2  
  21  2:00  Zergling x2  
  21  2:01  Overlord  
  26  2:08  Metabolic Boost  
  26  2:09  Drone  
  26  2:12  Drone  
  28  2:20  Drone  
  29  2:24  Drone  
  30  2:31  Drone  
  30  2:35  Hatchery  
  30  2:37  Drone  
  30  2:42  Drone  
  32  2:45  Baneling Nest  
  32  2:48  Drone  
  32  2:52  Overlord  
  32  3:01  Zergling x2  
  32  3:03  Zergling x2  
  34  3:09  Zergling x4  
  34  3:11  Zergling x2  
  34  3:12  Zergling x8  
  41  3:19  Overlord  
  41  3:21  Zergling x2  
  41  3:24  Queen  
  44  3:28  Baneling x2  
  44  3:33  Baneling x2  
  44  3:37  Drone x3  
  47  3:44  Drone  
  47  3:45  Drone  
  47  3:47  Drone, Roach Warren  
  49  3:50  Drone  
  49  3:53  Drone  
  49  3:55  Drone  
  51  3:58  Overlord  
  51  4:00  Zergling x2  
  51  4:04  Drone x2  
  51  4:08  Drone x2  
  54  4:15  Extractor  
  54  4:16  Zergling x6  
  56  4:18  Baneling x2  
  56  4:21  Drone x3  
  59  4:26  Evolution Chamber  
  59  4:27  Overlord  
  59  4:30  Roach  
  59  4:31  Roach  
  59  4:34  Roach  
  59  4:36  Roach  
  65  4:38  Extractor  
  65  4:42  Overlord  
  64  4:46  Lair  
  64  4:47  Drone  
  64  4:48  Drone  
  64  4:52  Drone x3  
  69  4:55  Baneling x2  
  69  4:57  Drone x2  
  71  5:04  Drone x4  
  75  5:09  Drone x3  
  75  5:12  Zerg Missile Weapons Level 1  
  77  5:18  Roach x2  
  77  5:21  Drone x2  
  81  5:28  Drone  
  81  5:29  Roach  
  81  5:32  Roach  
  81  5:33  Drone  
  81  5:34  Drone  
  81  5:38  Drone x2  
  81  5:39  Drone, Extractor  
  81  5:40  Drone x2, Extractor  
  81  5:42  Roach  
  81  5:45  Glial Reconstitution  
  81  5:48  Overseer, Roach  
  81  5:54  Overlord x2  
  81  5:55  Overlord  
  81  6:00  Extractor  
  81  6:01  Roach  
  82  6:06  Overlord  
  82  6:12  Overlord  
  82  6:14  Roach, Spire  
  82  6:15  Roach, Overlord  
  82  6:17  Overlord x3  
  82  6:18  Roach  
  87  6:20  Drone  
  87  6:21  Drone x2  
  87  6:22  Roach  
  92  6:26  Roach, Overlord  
  92  6:30  Roach  
  96  6:38  Roach x5  
  96  6:39  Roach  
  108  6:45  Roach x3  
  113  6:47  Overseer  
  113  6:53  Hatchery  
  112  6:57  Roach x2  
  116  7:07  Roach x6  
  128  7:12  Overlord  
  128  7:22  Overlord  
  128  7:25  Mutalisk x4  
  128  7:26  Mutalisk  
  138  7:32  Mutalisk  
  138  7:34  Drone x5  
  145  7:41  Mutalisk  
  137  7:45  Mutalisk  
  137  7:47  Drone  
  137  7:48  Roach  
  137  7:49  Roach x2  
  144  7:52  Roach  
  144  7:53  Roach  
  144  7:56  Roach x2  
  152  7:58  Overlord  
  152  8:03  Overlord  
  152  8:04  Roach  
  152  8:05  Overlord  
  154  8:14  Overseer  
Tags
 
Add a new tag
Caveats
  • Supply blocks, unpowered buildings, or Contaminate may cause inaccurate times.
  • Supply counts are checked every 10 seconds.